[Event "Titled Tuesday Blitz September 27 Late 2022"]
[White "Paravyan, David"]
[Black "Oro, Faustino"]
[WhiteFideId "4194985"]
[BlackFideId "20000197"]
[WhiteElo "2555"]
[BlackElo "1838"]
[Result "1-0"]
[Round "01"]
[TimeControl "180+1"]
[Date "2022.09.27"]
[WhiteClock "0:00:08"]
[BlackClock "0:00:04"]

1. e4 e5 2. Nf3 Nc6 3. Nc3 Nf6 4. d4 exd4 5. Nxd4 Bb4 6. Nxc6 bxc6 7. Bd3 O-O 8. O-O d5 9. Bd2 Bxc3 10. Bxc3 dxe4 11. Bc4 Nd5 12. Qd4 Nxc3 13. Qxc3 Bf5 14. Rfe1 Qg5 15. Qe5 Rae8 16. Qxc7 e3 17. fxe3 Rxe3 18. Qxa7 Be4 19. Bf1 Rxe1 20. Rxe1 Bxc2 21. Qe3 Qa5 22. Rc1 Bg6 23. a3 h6 24. Rxc6 Rd8 25. Qc5 Qd2 26. Rc8 Rxc8 27. Qxc8+ Kh7 28. Qc3 Qd1 29. Kf2 Qd6 30. g3 Qb6+ 31. Ke1 Qe6+ 32. Be2 Qb6 33. Kf1 Qe6 34. b4 Qh3+ 35. Kg1 Qe6 36. Bf3 Qb6+ 37. Qc5 Qa6 38. b5 Qa5 39. Qb4 Qb6+ 40. Kg2 Qc7 41. Qb2 Qb6 42. a4 Bf5 43. Qe5 Bg6 44. Qc3 Bf5 45. Bc6 g6 46. a5 Qd8 47. a6 Be6 48. Kf2 Qb6+ 49. Qe3 Qa5 50. a7 Qa2+ 51. Kf3 Bd5+ 52. Bxd5 Qxd5+ 53. Kf2 Qa2+ 54. Kg1 Qa1+ 55. Kg2 Qa2+ 56. Qf2 Qd5+ 57. Qf3 Qd2+ 58. Qf2 Qd5+ 59. Kf1 Qd1+ 60. Qe1 Qd3+ 61. Qe2 Qf5+ 62. Kg1 Qb1+ 63. Kg2 Qa1 64. b6 Qa5 65. Qf2 Qd5+ 66. Kg1 Qd1+ 67. Kg2 Qd5+ 68. Qf3 Qd2+ 69. Kh3 Qd7+ 70. g4 1-0


[Site "https://www.chess.com"]

[Event "Titled Tuesday Blitz September 27 Late 2022"]
[White "Peatman, Carter"]
[Black "Rustemov, Alexander"]
[WhiteFideId "2096480"]
[BlackFideId "4119002"]
[WhiteElo "2475"]
[BlackElo "2847"]
[Result "0-1"]
[Round "01"]
[TimeControl "180+1"]
[Date "2022.09.28"]
[WhiteClock "0:00:06"]
[BlackClock "0:00:32"]

1. e4 e6 2. d4 d5 3. exd5 exd5 4. Nf3 Bf5 5. c4 Bxb1 6. Rxb1 Bb4+ 7. Bd2 Bxd2+ 8. Qxd2 Nf6 9. Qe3+ Qe7 10. Qxe7+ Kxe7 11. cxd5 Nxd5 12. Bc4 Rd8 13. O-O Kf8 14. Rfe1 Nc6 15. a3 Nb6 16. Bb3 Nxd4 17. Nxd4 Rxd4 18. Rbc1 c6 19. Rc3 Re8 20. Kf1 Rxe1+ 21. Kxe1 g6 22. g3 Nd7 23. Re3 Nc5 24. Bc2 a5 25. Rc3 b6 26. Ke2 Rd6 27. h4 Ke7 28. Kf3 Ne6 29. Be4 c5 30. Re3 Rd2 31. b3 Kd6 32. a4 Nd4+ 33. Kg2 Rb2 34. h5 Rxb3 35. hxg6 hxg6 36. Re1 c4 37. Rc1 c3 38. Bd3 Kc5 39. Kf1 c2 40. Be4 Kb4 41. Ke1 Rb1 42. Rxb1+ cxb1=Q+ 43. Bxb1 Kxa4 44. Kd2 Kb4 45. f4 b5 46. g4 a4 47. Ke3 Kc5 48. f5 gxf5 49. gxf5 f6 50. Kf4 b4 51. Kg4 b3 52. Kh5 a3 53. Kg6 a2 54. Bxa2 bxa2 55. Kxf6 a1=Q 0-1


[Site "https://www.chess.com"]

[Event "Titled Tuesday Blitz September 27 Late 2022"]
[White "Petrosyan, Manuel"]
[Black "Benkovic, Petar"]
[WhiteFideId "13300857"]
[BlackFideId "922641"]
[WhiteElo "2592"]
[BlackElo "2416"]
[Result "1-0"]
[Round "01"]
[TimeControl "180+1"]
[Date "2022.09.27"]
[WhiteClock "0:00:04"]
[BlackClock "0:00:02"]

1. Nf3 d5 2. g3 Nf6 3. Bg2 c6 4. O-O Bg4 5. b3 Nbd7 6. Bb2 e6 7. c4 Bd6 8. d4 O-O 9. Nbd2 a5 10. a3 h6 11. h3 Bf5 12. Ne5 Qc7 13. Nxd7 Qxd7 14. Re1 b5 15. c5 Bc7 16. Nf3 Be4 17. Bf1 Bh7 18. Ne5 Qe8 19. g4 Ne4 20. f3 Bxe5 21. dxe5 Nxc5 22. Rc1 Nd7 23. Rxc6 Nxe5 24. Rc7 Ng6 25. Qd4 e5 26. Qxd5 Rd8 27. Qc5 Qe6 28. b4 axb4 29. axb4 Rd5 30. Qc6 Nf4 31. Qxe6 Nxe6 32. Rb7 Rc8 33. e4 Rd2 34. Bxe5 f6 35. Rb8 Rxb8 36. Bxb8 Nd4 37. Bg2 Nc6 38. Bf4 Rb2 39. Rc1 Nxb4 40. Rc8+ Kf7 41. Rc7+ Kg8 42. Bf1 Bg6 43. Bxb5 Nc2 44. Bc4+ Kh7 45. Rc8 Ne1 46. Bg8+ Kh8 47. Bd5+ Kh7 48. e5 Bd3 49. exf6 gxf6 50. Rc7+ Kh8 51. Bxh6 Rb1 52. Bg7+ Kh7 53. Bf8+ Kh8 54. Bg7+ Kh7 55. Kf2 Kg6 56. Bf8 Bb5 57. Rg7+ Kh6 58. Rb7+ Kg6 59. Be4+ f5 60. Bxf5+ 1-0


[Site "https://www.chess.com"]

[Event "Titled Tuesday Blitz September 27 Late 2022"]
[White "Pinheiro, Iung Alicio de O."]
[Black "Lazavik, Denis"]
[WhiteFideId "2104350"]
[BlackFideId "13515110"]
[WhiteElo "2283"]
[BlackElo "2437"]
[Result "0-1"]
[Round "01"]
[TimeControl "180+1"]
[Date "2022.09.27"]
[WhiteClock "0:00:03"]
[BlackClock "0:00:23"]

1. e4 c5 2. Nf3 e6 3. d3 Nc6 4. g3 d5 5. Qe2 Nf6 6. Bg2 Be7 7. O-O O-O 8. e5 Nd7 9. c4 Nb6 10. h4 Bd7 11. Bf4 Nd4 12. Nxd4 cxd4 13. b3 Bc6 14. Nd2 dxc4 15. bxc4 Bxg2 16. Kxg2 Na4 17. Qf3 Qd7 18. Rab1 b6 19. h5 h6 20. Ne4 Nc5 21. Rbe1 Kh8 22. Rh1 Nxe4 23. Rxe4 Rad8 24. g4 f5 25. exf6 Rxf6 26. Qe2 Rdf8 27. Bg3 Qc6 28. Re1 Bd6 29. f3 Bxg3 30. Kxg3 Qd6+ 31. Kg2 Rxf3 32. Qxf3 Rxf3 33. Kxf3 Qh2 34. Rxe6 Qh3+ 35. Kf4 Qxd3 36. Re8+ Kh7 37. R1e7 Qd2+ 38. Ke4 Qe2+ 39. Kxd4 Qxg4+ 40. Kc3 Qxh5 41. Ra8 Qh3+ 42. Kb4 Qg2 43. Raxa7 h5 44. Kb5 h4 0-1


[Site "https://www.chess.com"]

[Event "Titled Tuesday Blitz September 27 Late 2022"]
[White "Ponce Cano, Adrian"]
[Black "Abdrlauf, Elham"]
[WhiteFideId "22296913"]
[BlackFideId "1533533"]
[WhiteElo "2285"]
[BlackElo "2409"]
[Result "1-0"]
[Round "01"]
[TimeControl "180+1"]
[Date "2022.09.27"]
[WhiteClock "0:00:34"]
[BlackClock "0:00:54"]

1. e4 c6 2. d4 d5 3. Nc3 dxe4 4. Nxe4 Nf6 5. Nxf6+ exf6 6. Nf3 Bd6 7. Be3 O-O 8. Qd2 Be6 9. Bd3 Re8 10. O-O Nd7 11. c4 Nf8 12. Rfe1 Ng6 13. h3 Qd7 14. Bf1 Bf5 15. Rad1 Rad8 16. Qc3 b6 17. a3 Bb8 18. d5 c5 19. b4 Rc8 20. bxc5 bxc5 21. Bc1 Ne5 22. Nxe5 Bxe5 23. Qf3 Bg6 24. Bd3 Qa4 25. Bxg6 hxg6 26. Qd3 Bd6 27. g3 f5 28. Kg2 Re4 29. Rxe4 fxe4 30. Qe2 f5 31. Re1 Rb8 32. g4 Re8 33. gxf5 gxf5 34. Qh5 Qd7 35. Bg5 f4 36. Qg6 Qf7 37. Qxd6 Qf5 38. Qxf4 Qg6 39. Qg4 e3 40. Rxe3 Rf8 41. Qe6+ Qxe6 42. Rxe6 1-0


[Site "https://www.chess.com"]

[Event "Titled Tuesday Blitz September 27 Late 2022"]
[White "Richter, Paul"]
[Black "Carlsen, Magnus"]
[WhiteFideId "2046350"]
[BlackFideId "1503014"]
[WhiteElo "2542"]
[BlackElo "2830"]
[Result "0-1"]
[Round "01"]
[TimeControl "180+1"]
[Date "2022.09.27"]
[WhiteClock "0:00:02"]
[BlackClock "0:02:00"]

1. e4 a6 2. Na3 d5 3. exd5 Qxd5 4. Nf3 Nc6 5. c3 e5 6. Nc2 Nf6 7. Be2 e4 8. Nfd4 Nxd4 9. Nxd4 Bc5 10. Nb3 Bf5 11. Nxc5 Qxc5 12. O-O O-O 13. b4 Qe5 14. Bb2 Rad8 15. Re1 Rfe8 16. Qc1 Ng4 17. Bxg4 Bxg4 18. c4 Qg5 19. Kh1 Qxd2 20. Qc3 f6 21. h3 Be6 22. Rad1 Qxc3 23. Bxc3 Bxc4 24. Rxd8 Rxd8 25. Rxe4 Bxa2 26. Re7 Rc8 27. Bd4 b6 28. g4 Kf8 29. Re3 Kf7 30. Kh2 Rd8 31. Bb2 Rd2 32. Bc1 Rxf2+ 33. Kg3 Rc2 34. Ba3 b5 35. h4 Bd5 36. g5 Rc4 37. gxf6 gxf6 38. Rd3 c6 39. Re3 h5 40. Kh3 Be6+ 41. Kg3 Rg4+ 42. Kf2 Rxh4 43. Rd3 Rf4+ 44. Ke3 Rg4 45. Kd2 h4 46. Bb2 Rxb4 47. Kc3 Rb3+ 0-1


[Site "https://www.chess.com"]

[Event "Titled Tuesday Blitz September 27 Late 2022"]
[White "Rose, Felix"]
[Black "Noboa Silva, Kevin"]
[WhiteFideId "5105722"]
[BlackFideId "3618471"]
[WhiteElo "2039"]
[BlackElo "2172"]
[Result "0-1"]
[Round "01"]
[TimeControl "180+1"]
[Date "2022.09.28"]
[WhiteClock "0:00:13"]
[BlackClock "0:00:04"]

1. e4 e6 2. d4 d5 3. Nc3 Nf6 4. e5 Nfd7 5. f4 c5 6. Nf3 Nc6 7. Be3 cxd4 8. Nxd4 Bc5 9. Qd2 O-O 10. O-O-O Nxd4 11. Bxd4 a6 12. h4 Qc7 13. h5 h6 14. g4 b5 15. Bxc5 Nxc5 16. Qd4 Nd7 17. Bd3 Rb8 18. a3 Qb6 19. Ne2 a5 20. Qxb6 Rxb6 21. b4 axb4 22. axb4 Bb7 23. Nd4 Ra8 24. Kb2 Ra4 25. c3 Ba6 26. Ra1 Rxa1 27. Rxa1 f6 28. exf6 Nxf6 29. Be2 Ne4 30. Ra5 Nd6 31. Nxe6 Bc8 32. Nd4 Bd7 33. Ra7 Be8 34. Bd3 Rb8 35. Ra6 Ne4 36. Ra7 Nf6 37. Nf5 Bf7 38. Be2 Re8 39. Bxb5 Re4 40. Nd6 Rxf4 41. Rxf7 Rf2+ 42. Kb3 Nxg4 43. Rxf2 Nxf2 44. Bc6 Kf8 45. Bxd5 Ke7 46. Ne4 Nd3 47. Kc2 Nf4 48. c4 Nxh5 49. b5 Nf4 50. c5 Nxd5 51. b6 Kd7 52. Nd6 g6 53. b7 Kc7 54. c6 Nb4+ 55. Kb3 Nxc6 56. Ne8+ Kxb7 57. Ng7 h5 58. Ne6 Ne5 59. Kc3 Kc6 60. Kd4 Kd6 61. Nf4 Nc6+ 62. Ke4 Ne7 63. Nh3 Ke6 64. Kf4 Kf6 65. Ng5 Nd5+ 66. Ke4 Kxg5 67. Kxd5 Kg4 0-1


[Site "https://www.chess.com"]

[Event "Titled Tuesday Blitz September 27 Late 2022"]
[White "Runets, Ivan"]
[Black "Tari, Aryan"]
[WhiteFideId "13511564"]
[BlackFideId "1510045"]
[WhiteElo "1962"]
[BlackElo "2612"]
[Result "0-1"]
[Round "01"]
[TimeControl "180+1"]
[Date "2022.09.27"]
[WhiteClock "0:00:01"]
[BlackClock "0:00:11"]

1. d4 Nf6 2. c4 g6 3. Nc3 Bg7 4. e4 d6 5. h3 O-O 6. Be3 Na6 7. g4 c5 8. d5 Nc7 9. Qd2 b5 10. cxb5 a6 11. b6 Nb5 12. Nge2 Qxb6 13. Bg2 Nxc3 14. bxc3 Nd7 15. O-O Rb8 16. f4 a5 17. Qc2 Qb2 18. Qd3 Qb5 19. Qxb5 Rxb5 20. Rab1 Ba6 21. Rxb5 Bxb5 22. Kf2 Bxe2 23. Kxe2 Bxc3 24. Rb1 Bb4 25. Bc1 c4 26. a3 Bc5 27. Rb7 Rd8 28. Kd2 Kf8 29. Rb5 Bd4 30. Bf1 Nc5 31. Bxc4 Rc8 32. Rxa5 Nxe4+ 33. Kd3 Bb6 34. Rb5 Nf2+ 35. Ke2 Rxc4 36. Rxb6 Rxc1 37. Kxf2 Rc3 38. a4 Rxh3 39. a5 Ra3 40. Rb8+ Kg7 41. Ra8 h5 42. g5 Rd3 43. a6 Rxd5 44. Ke3 Ra5 45. Kd4 h4 46. Ke3 Ra2 47. Re8 Rxa6 48. Kf3 e6 49. Kg4 Ra4 50. Rc8 h3 51. Rc3 e5 52. Rd3 Rxf4+ 53. Kxh3 Rd4 54. Rxd4 exd4 0-1


[Site "https://www.chess.com"]

[Event "Titled Tuesday Blitz September 27 Late 2022"]
[White "Salinas Herrera, Pablo"]
[Black "Reprintsev, Alexander"]
[WhiteFideId "3407128"]
[BlackFideId "14100541"]
[WhiteElo "2550"]
[BlackElo "2108"]
[Result "0-1"]
[Round "01"]
[TimeControl "180+1"]
[Date "2022.09.28"]
[WhiteClock "0:00:03"]
[BlackClock "0:00:06"]

1. e4 d5 2. exd5 Qxd5 3. Nc3 Qa5 4. g3 Nf6 5. Bg2 Nc6 6. Nge2 Bg4 7. h3 Bh5 8. d3 e6 9. Bd2 O-O-O 10. a3 Qc5 11. b4 Qe7 12. Qc1 Qd7 13. Nf4 Bg6 14. O-O e5 15. Nxg6 hxg6 16. h4 Nd4 17. Be3 Ng4 18. Bxd4 exd4 19. Ne4 f5 20. Ng5 Re8 21. Qd2 Be7 22. Rfe1 Bf6 23. Nf3 a6 24. a4 Rxe1+ 25. Nxe1 Qd6 26. b5 Re8 27. Nf3 Qc5 28. Rb1 Re6 29. bxa6 bxa6 30. Rb4 Rb6 31. Rc4 Rb1+ 32. Bf1 Qd5 33. Ne1 Be7 34. Bg2 Qe6 35. Kf1 Rxe1+ 36. Qxe1 Nh2+ 37. Kg1 Qxe1+ 38. Kxh2 Bd6 39. f4 c5 40. a5 Qxa5 41. Bf3 Kc7 42. Kg2 Qa3 43. Kh2 a5 44. Kh3 Qa1 45. Bd5 a4 46. c3 dxc3 47. d4 Qb2 48. dxc5 Bxf4 49. Rxa4 c2 50. Ra7+ Kc8 51. Ra8+ Qb8 52. Be6+ Kc7 0-1


[Site "https://www.chess.com"]

[Event "Titled Tuesday Blitz September 27 Late 2022"]
[White "Salman, Pavel"]
[Black "Nogerbek, Kazybek"]
[WhiteFideId "24153753"]
[BlackFideId "13710427"]
[WhiteElo "2039"]
[BlackElo "2458"]
[Result "0-1"]
[Round "01"]
[TimeControl "180+1"]
[Date "2022.09.27"]
[WhiteClock "0:00:03"]
[BlackClock "0:00:10"]

1. Nf3 c5 2. g3 b5 3. Bg2 Bb7 4. O-O Nf6 5. d3 e6 6. Nbd2 Be7 7. e4 d5 8. Re1 Nc6 9. h4 a5 10. a3 h6 11. Qe2 Qc7 12. c3 O-O 13. e5 Nd7 14. Nf1 b4 15. g4 Ba6 16. g5 h5 17. Ng3 g6 18. Bf4 bxa3 19. bxa3 Rab8 20. Nh2 Kg7 21. Bf3 Rb3 22. Bxh5 Rxc3 23. Bf3 Nd4 24. Qf1 Bxd3 25. Qg2 Qd8 26. Rac1 Rxc1 27. Rxc1 c4 28. Ng4 Rh8 29. Nh6 Bxa3 30. Re1 Bb4 31. Re3 Nc2 32. h5 Nxe3 33. Bxe3 c3 34. hxg6 Bxg6 35. Nh5+ Kf8 36. Qg4 Nxe5 37. Qf4 Nxf3+ 38. Qxf3 c2 39. Nf6 d4 40. Bf4 d3 41. Qc6 d2 42. Nd7+ Qxd7 43. Qa8+ Qe8 44. Qa7 d1=Q+ 45. Kg2 Qd5+ 46. f3 Rxh6 47. gxh6 Qf5 48. Kg3 Qxf4+ 49. Kxf4 c1=Q+ 50. Kg3 Qg5+ 51. Kf2 Bc5+ 52. Ke2 Qe3+ 53. Kd1 Qd8+ 54. Qd7 Qxd7# 0-1


[Site "https://www.chess.com"]

[Event "Titled Tuesday Blitz September 27 Late 2022"]
[White "Sernecki, Franciszek"]
[Black "Lenderman, Aleksandr"]
[WhiteFideId "1169297"]
[BlackFideId "2021285"]
[WhiteElo "2168"]
[BlackElo "2607"]
[Result "0-1"]
[Round "01"]
[TimeControl "180+1"]
[Date "2022.09.27"]
[WhiteClock "0:00:28"]
[BlackClock "0:02:11"]

1. c4 b6 2. Nc3 Bb7 3. e4 e6 4. g3 f5 5. Bg2 Nf6 6. Nge2 fxe4 7. d3 Bc5 8. dxe4 Ng4 9. O-O O-O 10. Nd4 Nxf2 11. Rxf2 Rxf2 12. Kxf2 Qf6+ 13. Bf3 Bxd4+ 14. Kg2 Bxc3 15. bxc3 d6 16. e5 Qxf3+ 17. Qxf3 Bxf3+ 18. Kxf3 dxe5 19. Ba3 Nd7 20. Rd1 Nf6 21. g4 e4+ 22. Kf4 e5+ 23. Kf5 e3 24. Re1 Rd8 25. Rxe3 Rd2 26. Rxe5 Rf2+ 27. Ke6 Nxg4 28. Rd5 Re2+ 29. Kf5 Ne3+ 0-1


[Site "https://www.chess.com"]

[Event "Titled Tuesday Blitz September 27 Late 2022"]
[White "So, Wesley"]
[Black "Ekdyshman, Mikhail"]
[WhiteFideId "5202213"]
[BlackFideId "4149416"]
[WhiteElo "2763"]
[BlackElo "2146"]
[Result "1-0"]
[Round "01"]
[TimeControl "180+1"]
[Date "2022.09.27"]
[WhiteClock "0:01:03"]
[BlackClock "0:00:21"]

1. Nf3 c5 2. e4 g6 3. c3 Bg7 4. d4 cxd4 5. cxd4 d5 6. e5 Nc6 7. Bb5 Nh6 8. O-O O-O 9. h3 a6 10. Bxc6 bxc6 11. Re1 Bf5 12. Nc3 Qa5 13. Bd2 f6 14. Na4 Qc7 15. Nc5 Nf7 16. Bf4 fxe5 17. Nxe5 Nd6 18. Rc1 Bc8 19. Ncd3 Bb7 20. Bh2 Rac8 21. Qg4 Kh8 22. Nf4 Qb6 23. Nexg6+ hxg6 24. Nxg6+ Kh7 25. Bxd6 exd6 26. Qh5+ Bh6 27. Re7+ Kg8 28. Qxh6 1-0


[Site "https://www.chess.com"]

[Event "Titled Tuesday Blitz September 27 Late 2022"]
[White "Spitzl, Vinzent"]
[Black "Saraci, Nderim"]
[WhiteFideId "12901253"]
[BlackFideId "6351921"]
[WhiteElo "2160"]
[BlackElo "2553"]
[Result "0-1"]
[Round "01"]
[TimeControl "180+1"]
[Date "2022.09.28"]
[WhiteClock "0:00:09"]
[BlackClock "0:01:09"]

1. e4 c5 2. Nf3 Nc6 3. d4 cxd4 4. Nxd4 g6 5. c4 Bg7 6. Be3 d6 7. Nc3 Nf6 8. Be2 O-O 9. O-O Bd7 10. Qd2 Nxd4 11. Bxd4 Bc6 12. f3 a5 13. b3 Nd7 14. Be3 Nc5 15. Rab1 Qb6 16. Rfc1 Rfc8 17. Nd5 Bxd5 18. cxd5 Qb4 19. Rc2 Nd7 20. Rbc1 Rxc2 21. Qxc2 Bd4 22. Qd3 Bxe3+ 23. Qxe3 a4 24. Qc3 Qb6+ 25. Kf1 axb3 26. Qxb3 Qa7 27. Rc2 Nc5 28. Qb4 Qa3 29. Qxa3 Rxa3 30. Kf2 Kg7 31. Bc4 f5 32. exf5 gxf5 33. f4 Kf6 34. h3 h5 35. Re2 Rc3 36. Bb5 Ne4+ 37. Kg1 h4 38. Ba4 Rc1+ 39. Kh2 Ng3 40. Re6+ Kf7 0-1


[Site "https://www.chess.com"]

[Event "Titled Tuesday Blitz September 27 Late 2022"]
[White "Stanisz, Patryk"]
[Black "Ozdemir, Serhan Berat"]
[WhiteFideId "1123106"]
[BlackFideId "6374611"]
[WhiteElo "1833"]
[BlackElo "1882"]
[Result "0-1"]
[Round "01"]
[TimeControl "180+1"]
[Date "2022.09.28"]
[WhiteClock "0:00:08"]
[BlackClock "0:00:17"]

1. d4 Nf6 2. c4 g6 3. Nc3 Bg7 4. e4 d6 5. Be2 O-O 6. Be3 c5 7. d5 e6 8. h4 exd5 9. exd5 h5 10. Qd2 Re8 11. Bg5 Qa5 12. f3 Nbd7 13. Nh3 Ne5 14. O-O Bxh3 15. gxh3 Qb4 16. b3 Nh7 17. Rac1 a6 18. Ne4 Qxd2 19. Bxd2 Rad8 20. f4 Ng4 21. hxg4 Rxe4 22. Bf3 Rd4 23. Bc3 hxg4 24. Bxg4 Rd3 25. Bxg7 Rg3+ 26. Kf2 Rxg4 27. Bh6 Rxh4 28. Rh1 Rxh1 29. Rxh1 Re8 30. Kf3 f6 31. a4 Kf7 32. Bg5 Kg7 33. Bh4 Nf8 34. Bf2 Nd7 35. Rb1 a5 36. Be1 b6 37. Bc3 Rh8 38. Kg3 Kf7 39. Re1 Nf8 40. Bb2 Rh5 41. Re2 g5 42. fxg5 Rxg5+ 43. Kf3 Ng6 44. Re6 Ne5+ 45. Bxe5 dxe5 46. Rxb6 Kg6 47. Rb5 Kf5 48. Rxc5 e4+ 49. Ke2 Kf4 50. Rc6 f5 51. d6 Rg2+ 52. Kf1 Rd2 53. Rc5 Rxd6 54. Rxa5 Rd2 55. c5 Kf3 56. Ke1 e3 57. c6 f4 58. Rc5 Rh2 59. Kd1 Rh1+ 60. Kc2 e2 61. Re5 e1=Q 62. Rxe1 Rxe1 63. c7 Re8 64. b4 Rc8 65. b5 Rxc7+ 66. Kd3 Rd7+ 67. Kc4 Ke4 68. b6 f3 69. a5 f2 70. a6 f1=Q+ 71. Kc5 Qxa6 72. Kc6 Qb7+ 73. Kb5 Rd5+ 0-1


[Site "https://www.chess.com"]

[Event "Titled Tuesday Blitz September 27 Late 2022"]
[White "Svane, Frederik"]
[Black "Buscar, Michael"]
[WhiteFideId "12923044"]
[BlackFideId "2603616"]
[WhiteElo "2459"]
[BlackElo "2010"]
[Result "1-0"]
[Round "01"]
[TimeControl "180+1"]
[Date "2022.09.28"]
[WhiteClock "0:00:14"]
[BlackClock "0:00:09"]

1. c4 Nf6 2. d3 e5 3. Nf3 Nc6 4. Nc3 d5 5. cxd5 Nxd5 6. a3 Be7 7. e3 Be6 8. Be2 Qd7 9. O-O f5 10. Bd2 O-O 11. b4 a6 12. Rb1 Bf6 13. Qc2 Rad8 14. Nxd5 Bxd5 15. a4 e4 16. dxe4 Bxe4 17. Qb3+ Kh8 18. Rbd1 Bd3 19. Bc3 Bxe2 20. Rxd7 Rxd7 21. Rc1 Bxf3 22. gxf3 Rd3 23. Qc4 Rd6 24. b5 axb5 25. axb5 Ne5 26. Bxe5 Bxe5 27. f4 Bb2 28. Rb1 Ba3 29. Qxc7 b6 30. Kg2 Rg6+ 31. Kf3 Bc5 32. Rd1 h6 33. Rd7 Kh7 34. Qe5 Rgf6 35. h4 R6f7 36. Rd5 Rf6 37. h5 R8f7 38. Qe8 Rf8 39. Qe5 R8f7 40. Ke2 Rf8 41. Kd3 R8f7 42. Rd8 Rf8 43. Rxf8 Bxf8 44. f3 Bd6 45. Qd5 Bc5 46. Ke2 Bd6 47. Qc6 Bxf4 48. exf4 Rxc6 49. bxc6 b5 50. c7 b4 51. c8=Q b3 52. Qxf5+ 1-0


[Site "https://www.chess.com"]

[Event "Titled Tuesday Blitz September 27 Late 2022"]
[White "Toniutti, Ezio"]
[Black "Zhigalko, Sergei"]
[WhiteFideId "113034"]
[BlackFideId "13502956"]
[WhiteElo "2215"]
[BlackElo "2662"]
[Result "0-1"]
[Round "01"]
[TimeControl "180+1"]
[Date "2022.09.27"]
[WhiteClock "0:00:15"]
[BlackClock "0:00:37"]

1. d4 Nf6 2. c4 e6 3. g3 c5 4. d5 exd5 5. cxd5 d6 6. Nc3 g6 7. Nf3 Bg7 8. Bg2 O-O 9. O-O Re8 10. Bf4 a6 11. a4 Nh5 12. Bg5 Qc7 13. Rc1 Nd7 14. b4 h6 15. Bd2 b6 16. Re1 Bb7 17. e4 Nhf6 18. Bf4 Ng4 19. b5 Nge5 20. h4 axb5 21. Nxb5 Qb8 22. Nxe5 Nxe5 23. Be3 Bc8 24. f3 Bd7 25. Rb1 Nc4 26. Bf2 Nb2 27. Rxb2 Bxb2 28. Qb3 Bg7 29. f4 Bxb5 30. Qxb5 Ra5 31. Qd7 Rd8 32. Qc6 Rc8 33. Qd7 Rd8 34. Qc6 Bd4 35. e5 dxe5 36. fxe5 Bxe5 37. h5 Rd6 38. Rxe5 Rxc6 39. dxc6 Qxe5 0-1


[Site "https://www.chess.com"]

[Event "Titled Tuesday Blitz September 27 Late 2022"]
[White "Vlassov, Nikolai"]
[Black "Kobla, Vishal"]
[WhiteFideId "4103360"]
[BlackFideId "2078457"]
[WhiteElo "2324"]
[BlackElo "1972"]
[Result "1-0"]
[Round "01"]
[TimeControl "180+1"]
[Date "2022.09.28"]
[WhiteClock "0:00:04"]
[BlackClock "0:00:04"]

1. e4 c5 2. c3 Nf6 3. e5 Nd5 4. d4 cxd4 5. cxd4 Nc6 6. Nc3 Nxc3 7. bxc3 d6 8. f4 g6 9. Nf3 Bg7 10. Bd3 O-O 11. O-O Bg4 12. Be3 dxe5 13. fxe5 Rc8 14. Qe1 Bxf3 15. Rxf3 Nxe5 16. dxe5 Qxd3 17. Bc5 Qd5 18. Bxe7 Rfe8 19. Rd1 Qxe5 20. Qxe5 Bxe5 21. Rd7 Rc7 22. Rxc7 Bxc7 23. Bf6 h5 24. h3 Re6 25. g4 hxg4 26. hxg4 Be5 27. Bxe5 Rxe5 28. Rd3 Re4 29. Rd7 Rxg4+ 30. Kf2 Ra4 31. Rxb7 Rxa2+ 32. Ke3 Kg7 33. c4 a5 34. c5 a4 35. Kd4 a3 36. c6 Rc2 37. Kd5 a2 38. Ra7 g5 39. Kd6 g4 40. c7 g3 41. Rxa2 Rc3 42. Ra3 Rxa3 43. c8=Q g2 44. Qg4+ Kf8 45. Qxg2 Ra6+ 46. Kd7 Rg6 47. Qb2 Rh6 48. Qe5 Rh1 49. Qe7+ Kg7 50. Qg5+ Kf8 51. Qe7+ Kg7 52. Qe2 Rh6 53. Qb2+ Kh7 54. Ke7 Rh3 55. Kxf7 Rf3+ 56. Ke6 Rg3 57. Ke5 Rg6 58. Kf5 Kh6 59. Qd2+ Kg7 60. Qd4+ Kh7 61. Qh4+ Kg7 62. Qe7+ Kh6 63. Ke5 Rg7 64. Qh4+ Kg6 65. Qe4+ Kh6 66. Kf6 Rg1 67. Qh4# 1-0


[Site "https://www.chess.com"]

[Event "Titled Tuesday Blitz September 27 Late 2022"]
[White "Wachinger, Guenther"]
[Black "Caruana, Fabiano"]
[WhiteFideId "4604261"]
[BlackFideId "2020009"]
[WhiteElo "2212"]
[BlackElo "2847"]
[Result "1-0"]
[Round "01"]
[TimeControl "180+1"]
[Date "2022.09.27"]
[WhiteClock "0:00:06"]
[BlackClock "0:00:20"]

1. e4 e5 2. Nf3 Nf6 3. Nc3 Nc6 4. a3 d5 5. Bb5 d4 6. Ne2 Bd6 7. d3 O-O 8. O-O Ne7 9. Bc4 Ng6 10. c3 c5 11. cxd4 cxd4 12. Ng3 Bd7 13. Bg5 h6 14. Bd2 Rc8 15. Re1 Re8 16. Qb3 Be6 17. Bxe6 Rxe6 18. Qxb7 Rb8 19. Qxa7 Rxb2 20. Rab1 Bb8 21. Qa8 Reb6 22. Rxb2 Rxb2 23. Nf5 Kh7 24. Qa6 Bc7 25. g3 Ne7 26. Nxh6 Rb6 27. Qc4 Rc6 28. Ng5+ Kxh6 29. Qxf7 Qg8 30. Qxe7 Kg6 31. Nf3 Qe8 32. Nh4+ Kh7 33. Qxe8 Nxe8 34. Rc1 Ra6 35. Bb4 g6 36. Nf3 Kg7 37. Nd2 Bd6 38. Nc4 Bc7 39. Kg2 Kf7 40. h4 Nf6 41. f3 Ke6 42. g4 Bd8 43. Kg3 Rc6 44. Rf1 Nd7 45. Rh1 Bf6 46. h5 gxh5 47. Rxh5 Kf7 48. Rh6 Rc7 49. g5 Bxg5 50. Rd6 Bf4+ 51. Kg4 Nb8 52. Kf5 Nc6 53. Rf6+ Kg7 54. Rg6+ Kh7 55. Rg1 Rf7+ 56. Ke6 Ra7 57. Nd6 Nd8+ 58. Kf6 Bh6 59. Rh1 Rg7 60. Rh3 Rg6+ 61. Kf5 Kg7 62. Kxe5 Be3 63. Nf5+ Kf7 64. Rh7+ Kg8 65. Rd7 Nf7+ 66. Kd5 Rg3 67. Ne7+ Kh7 68. Nf5 Rxf3 69. Rxf7+ Kg6 70. Rg7+ Kh5 71. Be7 Bf2 72. Rh7+ Kg4 73. Rg7+ Kh3 74. Nxd4 Rxd3 75. Bc5 Be1 76. e5 Bc3 77. e6 Re3 78. e7 Re1 79. Rg8 1-0


[Site "https://www.chess.com"]

[Event "Titled Tuesday Blitz September 27 Late 2022"]
[White "Xiong, Jeffery"]
[Black "Ribeiro, Matheus Mendes Domingues"]
[WhiteFideId "2047640"]
[BlackFideId "324226923"]
[WhiteElo "2714"]
[BlackElo "2047"]
[Result "1-0"]
[Round "01"]
[TimeControl "180+1"]
[Date "2022.09.27"]
[WhiteClock "0:02:31"]
[BlackClock "0:01:34"]

1. d4 d5 2. c4 e6 3. Nc3 Nf6 4. cxd5 exd5 5. Bg5 Be6 6. Bxf6 Qxf6 7. Qb3 Nd7 8. e3 Nb6 9. a4 a5 10. Bb5+ Kd8 11. Nf3 Bb4 12. O-O h5 13. Ne5 g5 14. f4 g4 15. f5 Bc8 16. Nxd5 Nxd5 17. Qxd5+ Ke7 18. Bc4 Rf8 19. Rf4 c6 20. Ng6+ Qxg6 21. Qe4+ Qe6 22. fxe6 1-0


[Site "https://www.chess.com"]

[Event "Titled Tuesday Blitz September 27 Late 2022"]
[White "Yoo, Christopher Woojin"]
[Black "Manukian, Artak"]
[WhiteFideId "30909694"]
[BlackFideId "13301373"]
[WhiteElo "2105"]
[BlackElo "2513"]
[Result "1-0"]
[Round "01"]
[TimeControl "180+1"]
[Date "2022.09.27"]
[WhiteClock "0:00:35"]
[BlackClock "0:00:13"]

1. Nf3 g6 2. g3 Bg7 3. Bg2 e5 4. d3 d5 5. O-O Nc6 6. Nbd2 h5 7. e4 d4 8. Re1 h4 9. Nxh4 Rxh4 10. gxh4 Qxh4 11. Nf3 Qh5 12. Ng5 Bg4 13. Bf3 Bxf3 14. Qxf3 Qxf3 15. Nxf3 Nb4 16. Re2 f6 17. a3 Na6 18. b4 c5 19. b5 Nc7 20. a4 Ne6 21. Nd2 Bh6 22. Nc4 Bxc1 23. Rxc1 Kd7 24. c3 Nf4 25. Rd2 Ne7 26. cxd4 cxd4 27. b6 a5 28. Rb1 Nc6 29. Rb5 g5 30. f3 Ng6 31. Rd5+ Ke7 32. Nd6 Nh4 33. Nf5+ Nxf5 34. exf5 Ra6 35. Rb5 Kd6 36. Rc2 Nb4 37. Rc7 Rxb6 38. Rxb6+ Kxc7 39. Rxf6 Nxd3 40. Rf7+ Kc6 41. f6 Nc5 42. Re7 d3 43. Kf2 g4 44. f7 1-0


[Site "https://www.chess.com"]